 Dungeon Crawl Stone Soup version 0.20.1-1-g8b1a95d (webtiles) character file.

1447 fleet the Skirmisher (level 8, -1/67 HPs)
             Began as a Demonspawn Wanderer on July 16, 2017.
             Was an Initiate of Gozag.
             Killed from afar by Dowan (19 damage)
             ... with a shard of ice
             ... on level 6 of the Dungeon.
             The game lasted 00:22:45 (10016 turns).

fleet the Skirmisher (Demonspawn Wanderer)         Turns: 10016, Time: 00:22:46

Health: -1/67      AC:  4    Str: 14    XL:     8   Next: 46%
Magic:  8/8        EV: 11    Int: 11    God:    Gozag
Gold:   261        SH:  0    Dex: 16    Spells: 7/7 levels left

rFire    . . .     SeeInvis .   B - +0 war axe
rCold    + . .     Gourm    .   (no shield)
rNeg     . . .     Faith    .   s - +0 leather armour
rPois    .         Spirit   .   (helmet restricted)
rElec    .         Reflect  .   (no cloak)
rCorr    +         Harm     .   q - +0 pair of gloves
MR       .....                  (no boots)
Stlth    ++........             (no amulet)
Regen    0.3/turn               g - ring of resist corrosion
MPRegen  0.2/turn               u - ring of protection from cold

@: no status effects
A: horns 2, demonic guardian 1, powered by death 1
a: Potion Petition, Call Merchant, Bribe Branch, Renounce Religion


You were on level 6 of the Dungeon.
You worshipped Gozag.
Gozag was aware of your devotion.
You were not hungry.

You visited 2 branches of the dungeon, and saw 8 of its levels.

You collected 341 gold pieces.
You paid 80 gold pieces to Gozag.

Inventory:

Hand Weapons
 e - a +0 dagger
 k - a +0 hand axe
 l - a +0 short sword
 p - a +0 mace
 B - a +0 war axe (weapon)
 K - a +0 hand axe
Missiles
 m - 63 sling bullets
 v - 178 stones (quivered)
 x - 39 poisoned needles
Armour
 d - a +0 robe
 h - a +0 robe
 q - a +0 pair of gloves (worn)
 s - a +0 leather armour (worn)
 A - a +0 pair of gloves
 N - the +0 scale mail of the Vestibule of Hell {+Fly rCorr Int-4 Stlth+}
   (You found it on level 5 of the Dungeon)

   It affects your intelligence (-4).
   It lets you fly.
   It protects you from acid and corrosion.
   It makes you more stealthy.
 Q - a +0 plate armour
Jewellery
 g - a ring of resist corrosion (left hand)
 u - a ring of protection from cold (right hand)
Wands
 G - a wand of clouds (2/9)
Scrolls
 b - 2 scrolls of fear
 w - 2 scrolls of teleportation
 y - a scroll of immolation {unknown}
 D - a scroll of blinking
 E - 3 scrolls of amnesia {unknown}
 H - 2 scrolls of enchant armour {unknown}
 L - a scroll of identify
 M - 2 scrolls of enchant weapon {unknown}
 P - a scroll of vulnerability {unknown}
Potions
 a - a potion of haste
 c - 3 potions of curing
 i - 2 potions of invisibility
 n - a potion of agility
 r - a potion of brilliance
 t - a potion of ambrosia
 C - 3 potions of lignification
 F - a potion of cancellation
 I - a potion of heal wounds
Books
 z - a book of Minor Magic

   Spells                             Type                      Level
   a - Magic Dart                     Conjuration                  1
   b - Blink                          Translocation                2
   c - Call Imp                       Summoning                    2
   d - Slow                           Hexes                        2
   e - Conjure Flame                  Conjuration/Fire             3
   f - Mephitic Cloud                 Conjuration/Poison/Air       3
 O - a book of Power

   Spells                             Type                      Level
   a - Iskenderun's Battlesphere      Conjuration/Charms           5
   b - Venom Bolt                     Conjuration/Poison           5
   c - Bolt of Magma                  Conjuration/Fire/Earth       5
   d - Iron Shot                      Conjuration/Earth            6
   e - Orb of Destruction             Conjuration                  7
   f - Spellforged Servitor           Conjuration/Summoning        7
Comestibles
 f - 3 bread rations
 j - 3 fruits
 o - 2 meat rations
 J - 3 royal jellies


   Skills:
 - Level 7.6 Fighting
 - Level 1.0 Short Blades
 + Level 7.3(7.4) Axes
 - Level 0.8(4.6) Maces & Flails
 - Level 1.0 Dodging
 - Level 2.0 Stealth
 - Level 1.0 Unarmed Combat
 - Level 1.0 Evocations


You had 7 spell levels left.
You didn't know any spells.

Dungeon Overview and Level Annotations

Branches:
Dungeon (7/15)             Temple (1/1) D:6

Altars:
Ashenzari
Cheibriados
Dithmenos
Elyvilon
Fedhas
Gozag
Hepliaklqana
Kikubaaqudgha
Makhleb
Nemelex Xobeh
Okawaru
Qazlal
Ru
Trog
Uskayaw
Vehumet
Xom
Yredelemnul
Zin

Annotations:
D:6 Dowan


Innate Abilities, Weirdness & Mutations

You have a pair of horns on your head.
A weak demonic guardian rushes to your aid.
You regenerate a little health from kills.


Message History

Dowan gestures at you while chanting. The shard of ice hits you!
You partially resist.
Your shadow imp hits Dowan.
Your shadow imp barely misses Dowan.
Dowan hits you with a dagger of holy wrath.
You convulse.
* * * LOW HITPOINT WARNING * * *
Unknown command.
Unknown command.
Dowan hits you but does no damage.
Your shadow imp closely misses Dowan.
You climb upwards.
There is a stone staircase leading down here.
Unknown command.
Unknown command.
Unknown command.
Unknown command.
Unknown command.
Dowan gestures at you while chanting. The shard of ice hits you!
You partially resist.
You die...
Your body crumbles into a pile of gold.

.....##
#....[)......#
.....#
#............#
.....##
############....#
##....####...#
#....#
##...........##
#..#.##
.....#######..#
##.###.# ....##
##.## ##.####.#
#####
#)e####.####<.#
###>@..## #.###
###### ###


You could see Dowan.

Vanquished Creatures
  Menkaure (D:7)
  The ghost of Gatuga the Magician, an amateur DEEE (D:4)
  An orc warrior (D:6)
  An ogre (D:7)
  An ice beast (D:5)
  2 scorpions
  A crimson imp (D:5)
  A bullfrog skeleton (D:4)
  A centaur skeleton (D:6)
  2 orc wizards
  A hound skeleton (D:4)
  2 gnolls (D:6)
  7 adders
  An ooze (D:2)
  An adder skeleton (D:6)
  6 worms
  2 dart slugs (D:1)
  2 leopard geckos (D:3)
  11 orcs
  4 giant cockroaches
  9 goblins
  7 hobgoblins
  10 jackals
  9 kobolds
  2 quokkas
  9 bats
  7 frilled lizards
  A jackal skeleton (D:6)
  A quokka skeleton (D:5)
  7 rats
111 creatures vanquished.

Vanquished Creatures (collateral kills)
  Sigmund (D:5)
  Edmund (D:5)
  Duvessa (D:7)
  A black bear (D:6)
  A sky beast (D:5)
  4 ogres
  A scorpion (D:4)
  A howler monkey (D:6)
  A crimson imp (D:6)
  An orc wizard (D:6)
  An orc priest (D:6)
  A hound zombie (D:6)
  2 orcs (D:6)
  A kobold (D:4)
18 creatures vanquished.

Vanquished Creatures (others)
  A wizard (D:3)
1 creature vanquished.

Grand Total: 130 creatures vanquished

Notes
Turn   | Place    | Note
-------+----------+-------------------------------------------
     0 | D:1      | fleet the Demonspawn Wanderer began the quest for the Orb.
     0 | D:1      | fleet set off with: a potion of haste, a scroll of fear, 2 potions of curing, a +0 robe, a +0 dagger, a bread ration
     0 | D:1      | Reached XP level 1. HP: 19/19 MP: 1/1
   245 | D:1      | Gained mutation: You have a pair of small horns on your head. [demonic ancestry]
   245 | D:1      | Reached XP level 2. HP: 16/25 MP: 2/2
   985 | D:1      | Gained mutation: A weak demonic guardian rushes to your aid. [demonic ancestry]
   985 | D:1      | Reached XP level 3. HP: 23/31 MP: 3/3
  1284 | D:2      | Reached skill level 5 in Fighting
  1655 | D:2      | Found a shattered altar of Ashenzari.
  1659 | D:2      | Saw a vision of the Shoals and the Spider Nest.
  1659 | D:2      | Noticed a merfolk siren
  1659 | D:2      | Noticed a hippogriff
  1659 | D:2      | Noticed a merfolk siren
  1659 | D:2      | Noticed a sea snake
  1659 | D:2      | Noticed a hippogriff
  1659 | D:2      | Noticed a merfolk siren
  1659 | D:2      | Noticed a redback
  1659 | D:2      | Noticed a wolf spider
  1659 | D:2      | Noticed a redback
  1659 | D:2      | Noticed a redback
  1659 | D:2      | Noticed a scorpion
  1660 | D:2      | Noticed a sea snake
  1661 | D:2      | Noticed a merfolk siren
  1807 | D:2      | Reached XP level 4. HP: 23/39 MP: 4/4
  2503 | D:3      | Found a bloodstained altar of Trog.
  3194 | D:3      | Noticed a wizard
  3196 | D:3      | Killed a wizard
  3553 | D:3      | Reached skill level 1 in Axes
  3732 | D:4      | Noticed Gatuga's ghost (amateur DEEE)
  3766 | D:4      | Reached XP level 5. HP: 29/46 MP: 5/5
  4037 | D:4      | Killed Gatuga's ghost
  4352 | D:4      | Gained mutation: You regenerate a little health from kills. [demonic ancestry]
  4352 | D:4      | Reached XP level 6. HP: 24/53 MP: 6/6
  4578 | D:5      | Entered Level 5 of the Dungeon
  4648 | D:5      | Noticed a sky beast
  4670 | D:5      | Killed a sky beast
  5142 | D:5      | Noticed Edmund
  5189 | D:5      | Killed Edmund
  5316 | D:5      | Gained mutation: You have a pair of horns on your head. [demonic ancestry]
  5316 | D:5      | Reached XP level 7. HP: 40/60 MP: 7/7
  5571 | D:5      | Noticed Sigmund
  5583 | D:5      | Killed Sigmund
  6049 | D:5      | Got a fine scale mail
  6060 | D:5      | Identified the cursed +0 scale mail of the Vestibule of Hell {+Fly rCorr Int-4 Stlth+} (You found it on level 5 of the Dungeon)
  6502 | D:6      | Found a staircase to the Ecumenical Temple.
  6939 | D:6      | Reached skill level 5 in Axes
  7704 | D:6      | Reached XP level 8. HP: 57/67 MP: 8/8
  8331 | Temple   | Entered the Ecumenical Temple
  8557 | Temple   | Became a worshipper of Gozag Ym Sagoz the Greedy
  8662 | D:7      | Found an opulent altar of Gozag.
  8672 | D:7      | Found a sparkling altar of Nemelex Xobeh.
  8680 | D:7      | Noticed Dowan
  8681 | D:7      | Noticed Duvessa
  9196 | D:7      | Noticed Menkaure
  9945 | D:7      | Killed Menkaure
  9997 | D:7      | Killed Duvessa
 10016 | D:6      | Killed from afar by Dowan

Skill      XL: |  1  2  3  4  5  6  7  8 |
---------------+-------------------------+-----
Stealth        | 2 |  2.0
Fighting       | 5 6 7 |  7.6
Axes           | 1 2 3 5 7 |  7.3
Short Blades   | |  1.0
Maces & Flails | |  0.8
Dodging        | |  1.0
Unarmed Combat | |  1.0
Evocations     | |  1.0

Action                   |  1- 3 |  4- 6 |  7- 9 || total
-------------------------+-------+-------+-------++-------
Melee: Short sword       |   154 |    55 |       ||   209
       Dagger            |     1 |       |       ||     1
       Headbutt          |    28 |    36 |    30 ||    94
       Hand axe          |       |   113 |   166 ||   279
       Punch             |       |     3 |     2 ||     5
       War axe           |       |       |    11 ||    11
Throw: Stone             |       |       |     3 ||     3
Evoke: Wand              |       |       |     1 ||     1
  Use: Potion            |     1 |     2 |     3 ||     6
       Scroll            |     2 |     4 |     5 ||    11
 Stab: Sleeping          |     6 |     4 |     3 ||    13
       Distracted        |       |     1 |     1 ||     2
  Eat: Chunk             |     2 |     7 |     2 ||    11
       Fruit             |       |     1 |     1 ||     2
       Bread ration      |       |     1 |     2 ||     3
       Meat ration       |       |       |     1 ||     1
Armor: Robe              |    11 |       |       ||    11
       Leather armour    |    35 |    42 |    31 ||   108
       Skin              |       |       |     3 ||     3
Dodge: Dodged            |   103 |    90 |    89 ||   282
